 Dungeon Crawl Stone Soup version 0.30-a0-476-g330ca2eb8e (webtiles) character file.

Game seed: 12844379768838536705

745 greenreed the Shield-Bearer (level 7, -4/60 HPs)
             Began as a Gnoll Fighter on Dec 21, 2022.
             Slain by an orc warrior
             ... wielding a +0 bardiche
              (11 damage)
             ... on level 6 of the Dungeon.
             The game lasted 00:08:21 (4575 turns).

greenreed the Shield-Bearer (Gnoll Fighter)         Turns: 4575, Time: 00:08:21

Health: -4/60      AC: 15    Str: 23    XL:     7   Next: 76%
Magic:  11/11      EV:  9    Int:  8    God:
Gold:   368        SH: 11    Dex: 11    Spells: 11/11 levels left

rFire   . . .      SeeInvis .    a - +0 flail
rCold   . . .      Faith    .    B - +2 kite shield
rNeg    . . .      Spirit   .    u - +2 scale mail {rPois}
rPois   +          Reflect  .    m - +0 helmet
rElec   .          Harm     .    f - +2 cloak {rPois}
rCorr   .          Rampage  .    D - +0 pair of gloves
Will    .....                    (no boots)
Stlth   +.........               y - amulet of the acrobat
HPRegen 0.30/turn                k - +6 ring of strength
MPRegen 0.12/turn                (no ring)

@: no status effects
A: fangs 1, strong nose, distributed training
a: no special abilities


You were on level 6 of the Dungeon.
You visited 1 branch of the dungeon, and saw 6 of its levels.

You collected 503 gold pieces.
You spent 135 gold pieces at shops.

Inventory:

Hand Weapons
 a - a +0 flail (weapon)
Armour
 c - a +0 buckler
 f - a +2 cloak of poison resistance (worn)
 m - a +0 helmet (worn)
 o - a +0 robe of willpower
 u - a +2 scale mail of poison resistance (worn)
 B - a +2 kite shield (worn)
 D - a +0 pair of gloves (worn)
Jewellery
 k - a +6 ring of strength (left hand)
 r - an amulet of guardian spirit
 y - an amulet of the acrobat (around neck)
Wands
 A - a wand of flame (19)
Scrolls
 b - a scroll of fear {unknown}
 e - 10 scrolls of identify {unknown}
 h - a scroll of enchant weapon {unknown}
 j - a scroll of brand weapon {unknown}
 n - 2 scrolls of teleportation {unknown}
 p - 2 scrolls of amnesia {unknown}
 q - a scroll of noise {unknown}
 s - a scroll of vulnerability {unknown}
 t - a scroll of summoning {unknown}
 w - 2 scrolls of poison {unknown}
Potions
 d - 2 potions of might
 g - 3 potions of haste {unknown}
 i - 2 potions of lignification {unknown}
 l - a potion of ambrosia {unknown}
 v - 2 potions of attraction {unknown}
 x - 2 potions of curing {unknown}
 z - a potion of heal wounds {unknown}
 C - a potion of resistance {unknown}


   Skills:
 + Level 7.2 Fighting
 + Level 2.8 Short Blades
 + Level 2.8 Long Blades
 + Level 2.8 Axes
 + Level 5.4 Maces & Flails
 + Level 2.8 Polearms
 + Level 2.8 Staves
 + Level 2.8 Ranged Weapons
 + Level 2.8 Throwing
 + Level 7.2 Armour
 + Level 2.8 Dodging
 + Level 2.8 Stealth
 + Level 7.2 Shields
 + Level 2.8 Unarmed Combat
 + Level 2.8 Spellcasting
 + Level 2.3 Conjurations
 + Level 2.3 Hexes
 + Level 2.3 Summonings
 + Level 2.3 Necromancy
 + Level 2.3 Translocations
 + Level 2.3 Transmutations
 + Level 2.3 Fire Magic
 + Level 2.3 Ice Magic
 + Level 2.3 Air Magic
 + Level 2.3 Earth Magic
 + Level 2.3 Poison Magic
 + Level 3.1 Invocations
 + Level 2.8 Evocations


You had 11 spell levels left.
You didn't know any spells.
Your spell library contained the following spells:

 Spells                   Type           Power      Damage    Failure   Level
 Beastly Appendage        Tmut           8%         N/A       58%         1
 Wereblood                Tmut           4%         N/A       75%         2
 Spider Form              Tmut/Pois      4%         N/A       92%         3
 Alistair's Intoxication  Tmut/Pois      2%         N/A       100%        5
 Borgnjor's Vile Clutch   Necr/Erth      2%         N/A       100%        5
 Eringya's Noxious Bog    Tmut/Pois      2%         N/A       100%        6


Dungeon Overview and Level Annotations

Branches:
Dungeon (6/15)
 Temple: D:4-7

Altars:
Hepliaklqana

Shops:
D:5 [


Innate Abilities, Weirdness & Mutations

You have very sharp teeth.
Your uncanny sense of smell can sniff out nearby items.
Your experience applies equally to all skills.


Message History

A kobold comes into view. It is wielding a +4 dagger.
Unknown command.
You hit the kobold brigand but do no damage.
You feel sick. You block the adder's attack.
The orc warrior closely misses you.
The kobold brigand hits you with a +0 club.
The adder bites you but does no damage.
You closely miss the kobold brigand.
You feel sick. The adder bites you but does no damage.
The orc warrior hits you from afar with a +0 bardiche!
You block the kobold brigand's attack. You block the kobold's attack.
Unknown command.
You hit the kobold brigand.
The kobold brigand is lightly wounded.
You feel sick. The adder misses you.
A kobold comes into view. It is wielding a +0 dagger.
You block the kobold brigand's attack.
The orc warrior drinks a potion.
The orc warrior seems to grow stronger.
The kobold hits you with a +0 club. The adder bites you but does no damage.
You hit the kobold but do no damage.
You feel sick.
You are no longer poisoned.
The kobold brigand hits you with a +0 club.
* * * LOW HITPOINT WARNING * * *
You block the kobold's attack. The orc warrior closely misses you.
The adder barely misses you.
The orc warrior hits you from afar with a +0 bardiche!
* * * LOW HITPOINT WARNING * * *
A kobold comes into view. It is wielding a +0 club.
The kobold brigand hits you with a +0 club.
* * * LOW HITPOINT WARNING * * *
The kobold barely misses you.
You barely miss the kobold.
The kobold shouts!
You bite the kobold, but do no damage. You block the adder's attack. x2
The orc warrior closely misses you. The kobold brigand closely misses you.
The kobold misses you.
Unknown command.
You hit the kobold but do no damage. You block the adder's attack.
The orc warrior hits you from afar with a +0 bardiche!
You die...

##...# #.#
#..######.#
##......#.#
#o####.#.#
#oo......#
#{##.....#
#oF.†....#
#S##.....#
#@########
#KK......
#KK######
#.K#....#..
#.......'..
##..###..#..
#...# #
##...#
##....#


You could see an orc warrior (strong), a kobold brigand, a bullfrog, an adder, 3
orcs and 4 kobolds.

Vanquished Creatures
  3 phantoms (D:5)
  A necrophage (D:5)
  A scorpion (D:5)
  A howler monkey (D:6)
  A hound (D:4)
  A jelly (D:4)
  Crazy Yiuf (D:5)
  2 orc wizards (D:3)
  2 iguanas
  Robin (D:2)
  4 adders
  A white imp (D:6)
  An ufetubus (D:4)
  3 worms
  2 dart slugs
  6 orcs
  3 ball pythons
  6 bats
  9 endoplasms
  3 giant cockroaches
  12 goblins
  12 hobgoblins
  3 jackals (D:4)
  9 kobolds
  9 quokkas
  4 frilled lizards
  5 rats
  A toadstool (D:6)
107 creatures vanquished.

Vanquished Creatures (others)
  5 fungi (D:6)
  2 plants (D:2)
  3 toadstools (D:6)
10 creatures vanquished.

Grand Total: 117 creatures vanquished

Notes
Turn   | Place    | Note
-------+----------+-------------------------------------------
     0 | D:1      | greenreed the Gnoll Fighter began the quest for the Orb.
     0 | D:1      | Reached XP level 1. HP: 23/23 MP: 1/1
   251 | D:1      | Reached XP level 2. HP: 29/29 MP: 2/2
   989 | D:2      | Noticed Robin
   991 | D:2      | Reached XP level 3. HP: 35/35 MP: 3/3
  1063 | D:1      | Reached skill level 1 in Invocations
  1138 | D:2      | Killed Robin
  1139 | D:2      | Reached skill level 1 in Short Blades
  1139 | D:2      | Reached skill level 1 in Long Blades
  1139 | D:2      | Reached skill level 1 in Axes
  1139 | D:2      | Reached skill level 1 in Polearms
  1139 | D:2      | Reached skill level 1 in Staves
  1139 | D:2      | Reached skill level 1 in Ranged Weapons
  1139 | D:2      | Reached skill level 1 in Throwing
  1139 | D:2      | Reached skill level 1 in Dodging
  1139 | D:2      | Reached skill level 1 in Stealth
  1139 | D:2      | Reached skill level 1 in Unarmed Combat
  1139 | D:2      | Reached skill level 1 in Spellcasting
  1139 | D:2      | Reached skill level 1 in Evocations
  1274 | D:2      | Reached XP level 4. HP: 41/41 MP: 5/5
  1640 | D:2      | Found a faded altar of an unknown god.
  1755 | D:2      | Reached skill level 1 in Conjurations
  1755 | D:2      | Reached skill level 1 in Hexes
  1755 | D:2      | Reached skill level 1 in Summonings
  1755 | D:2      | Reached skill level 1 in Necromancy
  1755 | D:2      | Reached skill level 1 in Translocations
  1755 | D:2      | Reached skill level 1 in Transmutations
  1755 | D:2      | Reached skill level 1 in Fire Magic
  1755 | D:2      | Reached skill level 1 in Ice Magic
  1755 | D:2      | Reached skill level 1 in Air Magic
  1755 | D:2      | Reached skill level 1 in Earth Magic
  1755 | D:2      | Reached skill level 1 in Poison Magic
  1911 | D:3      | Reached XP level 5. HP: 30/47 MP: 5/7
  2921 | D:4      | Reached XP level 6. HP: 53/53 MP: 8/8
  3010 | D:4      | Reached skill level 5 in Maces & Flails
  3114 | D:4      | Found a hazy altar of Hepliaklqana.
  3241 | D:5      | Entered Level 5 of the Dungeon
  3387 | D:5      | Found a runed translucent door.
  3388 | D:5      | Noticed Crazy Yiuf
  3457 | D:5      | Found Muanlean's Antique Armour Shoppe.
  3461 | D:5      | Reached XP level 7. HP: 60/60 MP: 10/10
  3476 | D:5      | Bought a glowing kite shield for 135 gold pieces
  4065 | D:5      | Killed Crazy Yiuf
  4068 | D:5      | HP: 3/60 [poisoned by Crazy Yiuf]
  4575 | D:6      | Slain by an orc warrior

Illustrated notes

Levels and vault maps discovered:
D:1:      sevenhm_arrival_forest_fort_small_5, layout_basic, minmay_tromino_i2
D:2:      layout_loops_ring, shapermc_ecumenical_altar_venn,
          serial_bayou_lagoon_b, uniq_robin
D:3:      layout_loops_cross
D:4:      minmay_inner_zag, layout_cave_pools, amcnicky_altar_gilded
D:5:      layout_layer_cave, serial_shops, shop, uniq_crazy_yiuf_cottage
D:6:      layout_basic, minmay_large_rounded_square, minmay_gold_behind_fungi,
          minivault_5, nicolae_underground_beach

Skill      XL: |  1  2  3  4  5  6  7 |
---------------+----------------------+-----
Invocations    | 1 2 3 |  3.1
Short Blades   | 1 2 |  2.8
Long Blades    | 1 2 |  2.8
Axes           | 1 2 |  2.8
Polearms       | 1 2 |  2.8
Staves         | 1 2 |  2.8
Ranged Weapons | 1 2 |  2.8
Throwing       | 1 2 |  2.8
Dodging        | 1 2 |  2.8
Stealth        | 1 2 |  2.8
Unarmed Combat | 1 2 |  2.8
Spellcasting   | 1 2 |  2.8
Evocations     | 1 2 |  2.8
Conjurations   | 1 2 |  2.3
Hexes          | 1 2 |  2.3
Summonings     | 1 2 |  2.3
Necromancy     | 1 2 |  2.3
Translocations | 1 2 |  2.3
Transmutations | 1 2 |  2.3
Fire Magic     | 1 2 |  2.3
Ice Magic      | 1 2 |  2.3
Air Magic      | 1 2 |  2.3
Earth Magic    | 1 2 |  2.3
Poison Magic   | 1 2 |  2.3
Maces & Flails | 5 |  5.4
Fighting       | 7 |  7.2
Armour         | 7 |  7.2
Shields        | 7 |  7.2

Action                   |  1- 3 |  4- 6 |  7- 9 || total
-------------------------+-------+-------+-------++-------
Melee: Flail             |   102 |   205 |    91 ||   398
       Bite              |    10 |    18 |    11 ||    39
  Use: Potion            |       |       |     1 ||     1
Armor: Scale mail        |    68 |    88 |    38 ||   194
Dodge: Dodged            |    53 |    94 |    29 ||   176
Block: Buckler           |    37 |    57 |     2 ||    96
       Kite shield       |       |       |    45 ||    45

Table legend: (Time is in decaauts)
 A = Elapsed time spent in this place.
 B = Non-inter-level travel time spent in this place.
 C = Inter-level travel time spent in this place.
 D = Time resting spent in this place.
 E = Time spent auto-exploring this place.
 F = Levels seen in this place.
 G = Mean time per level.
                   A        B        C        D        E       F      G
               +--------+--------+--------+--------+--------+-----+--------+
         Total |   4686 |   4482 |    204 |     91 |   3452 |   6 |  781.0 |
       Dungeon |   4686 |   4482 |    204 |     91 |   3452 |   6 |  781.0 |
               +--------+--------+--------+--------+--------+-----+--------+

Top non-repeatable levels by time:
     D:1: 1099 daAuts
     D:5: 1067 daAuts
     D:2: 848 daAuts
     D:3: 706 daAuts
     D:4: 668 daAuts
     D:6: 296 daAuts
